 Dungeon Crawl Stone Soup version 0.25-a0-310-g60f0ac2d9a (webtiles) character file.

Game seed: 6133641832567631296, levelgen mode: classic

107 Borgoz the Cudgeler (level 4, -5/28 HPs)
             Began as a Gargoyle Gladiator on Dec 23, 2019.
             Killed from afar by Natasha (9 damage)
             ... with a magic dart
             ... on level 2 of the Dungeon.
             The game lasted 00:01:53 (1407 turns).

Borgoz the Cudgeler (Gargoyle Gladiator)            Turns: 1407, Time: 00:01:54

Health: -5/28      AC: 13    Str: 17 (18) XL:     4   Next: 86%
Magic:  4/4        EV:  8    Int: 11 (13) God:
Gold:   97         SH:  0    Dex: 11 (12) Spells: 3/3 levels left

rFire    . . .     SeeInvis .   a - +0 flail
rCold    . . .     Gourm    .   (no shield)
rNeg     + . .     Faith    .   e - +0 chain mail (curse)
rPois    ∞         Spirit   .   c - +0 helmet
rElec    +         Reflect  .   (no cloak)
rCorr    .         Harm     .   (no gloves)
MR       .....                  (no boots)
Stlth    ..........             (no amulet)
HPRegen  0.09/turn              (no ring)
MPRegen  0.09/turn              (no ring)

@: brilliant, very slightly contaminated, invisible
A: negative energy resistance 1, electricity resistance, unbreathing,
petrification resistance, rot immunity, AC +3
a: no special abilities


You were on level 2 of the Dungeon.
You were not hungry.

You visited 1 branch of the dungeon, and saw 2 of its levels.

You collected 97 gold pieces.

Inventory:

Hand Weapons
 a - a +0 flail (weapon)
Armour
 c - a +0 helmet (worn)
 e - a cursed +0 chain mail (worn)
Scrolls
 g - a scroll of enchant weapon {unknown}
 l - a scroll of magic mapping {unknown}
 n - 2 scrolls of identify {unknown}
 p - a scroll of teleportation {unknown}
 q - a scroll of noise {unknown}
Potions
 b - a potion of brilliance
Comestibles
 f - 4 rations
 o - 2 chunks of flesh


   Skills:
 * Level 3.3 Fighting
 * Level 3.7 Maces & Flails
 - Level 1.7 Throwing
 * Level 2.0 Armour
 * Level 3.0 Dodging


You had 3 spell levels left.
You didn't know any spells.
Your spell library was empty.

Dungeon Overview and Level Annotations

Branches:
Dungeon (2/15)

Altars:

Annotations:
D:2 Natasha, Sigmund


Innate Abilities, Weirdness & Mutations

You are resistant to torment.
Your stone body is resilient. (AC +3)
You are immune to poison.
You resist negative energy. (rN+)
You are resistant to electric shocks. (rElec)
You can survive without breathing.
You are immune to petrification.
You are immune to rotting.


Message History

The crimson imp hits you but does no damage.
Sigmund hits you but does no damage.
Natasha stares at you and mumbles some strange words.
The magic dart hits you but does no damage.
The crimson imp hits you but does no damage.
Your chain mail prevents you from hitting Sigmund.
Sigmund is almost dead.
Natasha casts a spell at you. You resist with some effort.
The crimson imp hits you but does no damage.
Sigmund barely misses you. Natasha claws you but does no damage.
The crimson imp barely misses you.
You hit Sigmund but do no damage.
Sigmund is almost dead.
You feel yourself speed up. Sigmund hits you but does no damage.
Natasha claws you but does no damage.
The crimson imp hits you but does no damage.
Natasha casts a spell at you. The magic dart hits you!
You die...

#.# #.. #. #. #.#
#.# # #. #.# #.#
#.#.######.###.#
#.#............ #
........).#.##.##.
#..####..@5(...(.
#..##...h@.......
#.....#..#.##.###
#..####.##.# #..#
#.# .# #.(# #.##.#
#####..####.##.##.#
........(..........#
.###########.##.###
#÷##.#


You could see Sigmund, Natasha and a crimson imp.

Vanquished Creatures
  Natasha (twice) (D:2)
  2 adders (D:2)
  A worm (D:2)
  A leopard gecko (D:1)
  6 giant cockroaches (D:1)
  2 goblins (D:1)
  3 hobgoblins
  7 jackals (D:2)
  4 kobolds
  A quokka (D:2)
  A ball python (D:1)
  2 bats
  2 rats
34 creatures vanquished.

Notes
Turn   | Place    | Note
-------+----------+-------------------------------------------
     0 | D:1      | Borgoz the Gargoyle Gladiator began the quest for the Orb.
     0 | D:1      | Reached XP level 1. HP: 12/12 MP: 1/1
   140 | D:1      | Reached XP level 2. HP: 18/18 MP: 2/2
   529 | D:1      | Reached skill level 1 in Armour
   642 | D:2      | Reached XP level 3. HP: 19/22 MP: 3/3
  1086 | D:2      | Noticed Natasha
  1093 | D:2      | Killed Natasha
  1093 | D:2      | Reached XP level 4. HP: 21/28 MP: 4/4
  1208 | D:2      | Noticed Natasha
  1224 | D:2      | Killed Natasha
  1359 | D:2      | Noticed Sigmund
  1386 | D:2      | Noticed Natasha
  1407 | D:2      | Killed from afar by Natasha

Levels and vault maps discovered:
D:1:      dpeg_arrival_more_subterranean_lakeside_camping, layout_loops_cross
D:2:      layout_loops_ring, gammafunk_temple_overflow_pools, uniq_natasha,
          uniq_sigmund

Skill      XL: |  1  2  3  4 |
---------------+-------------+-----
Armour         | 1 2 |  2.0
Fighting       | 3 |  3.3
Dodging        | 3 |  3.0
Maces & Flails | |  3.7
Throwing       | |  1.7

Action                   |  1- 3 |  4- 6 || total
-------------------------+-------+-------++-------
Melee: Flail             |   129 |    45 ||   174
Throw: Throwing net      |       |     3 ||     3
  Use: Potion            |       |     6 ||     6
 Stab: Invisible         |       |     1 ||     1
  Eat: Chunk             |     1 |     1 ||     2
Armor: Chain mail        |   110 |    53 ||   163
       Leather armour    |     3 |       ||     3
Dodge: Dodged            |    84 |    34 ||   118

Table legend:
 A = Non-vault XP
 B = Vault XP
 C = Vault XP percentage of total XP
 D = Non-vault monster count
 E = Vault monster count
 F = Vault count percentage of total count
                 A         B        C        D         E       F
            +---------+---------+-------+---------+---------+-------
      Total |     119 |      35 |  22.7 |      33 |       1 |   2.9
            +---------+---------+-------+---------+---------+-------
        D:1 |      29 |       0 |   0.0 |      16 |       0 |   0.0
        D:2 |      90 |      35 |  28.0 |      17 |       1 |   5.6
            +---------+---------+-------+---------+---------+-------
